 Dungeon Sprint DCSS version 0.18.1-50-g88ac8fd (webtiles) character file.

9217 Qew7 the Fighter (level 11, -7/99 HPs)
             Began as a Demonspawn Chaos Knight on Oct 27, 2016.
             Mangled by an orc warrior
             ... wielding a +0 halberd
              (26 damage)
             ... in the Dungeon (Sprint IX: "|||||||||||||||||||||||||||||").
             The game lasted 00:17:27 (1377 turns).

Qew7 the Fighter (Demonspawn Chaos Knight)          Turns: 1377, Time: 00:17:28

Health: -7/99      AC: 30    Str: 15    XL:     11   Next: 20%
Magic:  0/22       EV:  7    Int: 19    God:    Xom [...*..]
Gold:   679        SH:  0    Dex: 11    Spells: 0 memorised, 10 levels left

rFire  . . .     SeeInvis .     q - +5 pair of quick blades "Gyre" and "Gimble" {pierce, Dex-3}
rCold  . . .     Gourm    .     t - +0 plate armour
rNeg   . . .     Faith    .     (shield currently unavailable)
rPois  .         Spirit   +     F - +3 hat of Pondering {ponderous, MR+ MP+10 Int+5}
rElec  .         Dismiss  .     r - +0 cloak
rCorr  .         Reflect  .     (no gloves)
SustAt .         Harm     .     E - +0 pair of boots
MR     +....     NoTele   +     (no amulet)
Stlth  ..........               v - +2 ring of protection
                                u - +3 ring of dexterity

@: slow, somewhat resistant to hostile enchantments, extremely unstealthy
A: talons 1, rough black scales 2, demonic guardian 1, magic shield, magic
regeneration, magic link
a: Renounce Religion


You were in the Dungeon.
You worshipped Xom.
You were a favourite toy of Xom.
You were not hungry.

You visited 1 branch You collected 679 gold pieces.

Inventory:

Hand Weapons
 a - a +0 spear of chaos
 n - a +2 broad axe of chopping
 o - a +3 halberd of venom
 p - a +0 lajatang
 q - the +5 pair of quick blades "Gyre" and "Gimble" (weapon) {pierce, Dex-3}
   (You found it in the Dungeon)

   It inflicts extra damage upon your enemies.
   It affects your dexterity (-3).
Armour
 b - a +2 leather armour
 r - a +0 cloak (worn)
 s - a +0 helmet
 t - a +0 plate armour (worn)
 E - a +0 pair of boots (worn)
 F - the +3 hat of Pondering (worn) {ponderous, MR+ MP+10 Int+5}
   (You took it off Gastronok in the Dungeon)

   It affects your intelligence (+5).
   It affects your resistance to hostile enchantments.
   It affects your magic capacity (+10).
 G - a +2 robe of positive energy
Jewellery
 u - a +3 ring of dexterity (left hand)
 v - a +2 ring of protection (right hand)
Wands
 m - a wand of acid (1/15)
Scrolls
 e - a scroll of enchant weapon
 i - a scroll of blinking
 k - 3 scrolls of remove curse
 l - 2 scrolls of amnesia
 y - a scroll of fog
 z - a scroll of identify
Potions
 d - 2 potions of curing
 f - a potion of haste
 g - 4 potions of magic
 h - a potion of berserk rage
 j - a potion of invisibility
 w - a potion of agility
 x - a potion of brilliance
Books
 c - a book of Alchemy

   Spells                             Type                      Level
   a - Sublimation of Blood           Necromancy                   2
   b - Ignite Poison                  Fire/Transmutation/Poison    3
   c - Petrify                        Transmutation/Earth          4
   d - Alistair's Intoxication        Transmutation/Poison         5
   e - Irradiate                      Conjuration/Transmutation    5
 B - a Young Poisoner's Handbook

   Spells                             Type                      Level
   a - Sting                          Conjuration/Poison           1
   b - Cure Poison                    Poison                       2
   c - Mephitic Cloud                 Conjuration/Poison/Air       3
   d - Olgreb's Toxic Radiance        Poison                       4
   e - Venom Bolt                     Conjuration/Poison           5
Comestibles
 A - 40 fruits
 C - 12 bread rations
 D - 12 meat rations


   Skills:
 + Level 13.9 Fighting
 + Level 13.2 Short Blades
 - Level 9.5 Polearms
 + Level 11.8 Armour
 + Level 7.6 Dodging
 - Level 5.7 Stealth
 + Level 2.5 Evocations


You had 10 spell levels left.
You didn't know any spells.

Dungeon Overview and Level Annotations

Branches:
Dungeon (1/1)

Altars:
Cheibriados
Dithmenos
Elyvilon
Fedhas
Gozag
Kikubaaqudgha
Makhleb
Nemelex Xobeh
Okawaru
Pakellas
Qazlal
Ru
Sif Muna
Trog
Vehumet
Xom
Yredelemnul
Zin
The Shining One
Beogh
Jiyva
Lugonu


Innate Abilities, Weirdness & Mutations

You have sharp toenails.
You are mostly covered in rough black scales (AC +7, Dex -2).
A weak demonic guardian rushes to your aid.
When hurt, damage is shared between your health and your magic reserves.
You regenerate magic rapidly.
When low on magic, you restore magic in place of health.


Message History

This wand has 1 charge left.
The orc knight roars a battlecry!
The orc warrior goes into a battle-frenzy!
The orc knight roars a battlecry!
The orc warrior hits you from afar with a halberd!
* * * LOW HITPOINT WARNING * * *
You hit the orc knight but do no damage.
You hit the orc knight.
The orc knight is lightly wounded.
The orc warrior no longer looks unusually strong.
The orc knight hits you but does no damage.
You hit the orc knight.
You hit the orc knight but do no damage.
The orc knight is moderately wounded.
You hit the orc knight.
You hit the orc knight but do no damage.
The orc knight is moderately wounded.
The orc warrior hits you from afar with a halberd!!
You die...
Xom howls with laughter! ▓_▓.▓.▓.▓†▓o s ▓_▓.▓.▓.▓)▓ B G ▓_▓.▓÷▓.▓)▓ s ▓_▓.▓.▓.▓)▓ s C p ▓_▓.▓'▓.▓)▓o s C ▓_▓.▓.▓.▓)▓ s s ▓_▓.▓.▓.▓o▓ s i C

▓_▓.▓.▓.▓5▓
D
▓_▓.▓†▓.▓@▓
D Q
▓_▓.▓†▓.▓o▓
y T
▓_▓.▓.▓.▓o▓o
i T
▓_▓.▓†▓.▓o▓
c
▓_▓.▓.▓.▓$▓
i S
▓_▓.▓.▓.▓o▓o
D G
▓_▓.▓'▓.▓$▓o


F y C ▓_▓.▓÷▓.▓o▓ ▓_▓.▓.▓.▓$▓ y F V t You could see 2 orc knights, 4 orc
warriors and a friendly shadow imp.

Vanquished Creatures
  Gastronok (D)
  A hydra (D)
  4 lindwurms (D)
  2 orc knights (D)
  A cyclops (D)
  4 spiny frogs (D)
  A rime drake (D)
  2 komodo dragons (D)
  A giant leech (D)
  A slime creature (D)
  A yak (D)
  A soldier ant (D)
  A water moccasin (D)
  2 porcupines (D)
  4 orc warriors (D)
  2 ice beasts (D)
  A phantom (D)
  An ogre (D)
  A centaur (D)
  2 crocodiles (D)
  A giant frog (D)
  A killer bee (D)
  A wight (D)
  5 orc wizards (D)
  2 orc priests (D)
  2 iguanas (D)
  An adder (D)
  2 adder skeletons (D)
  3 worms (D)
  2 orcs (D)
  A bat (D)
  A quokka (D)
  A giant gecko skeleton (D)
  A giant newt (D)
  3 goblins (D)
61 creatures vanquished.

Vanquished Creatures (collateral kills)
  A quokka zombie (D)
1 creature vanquished.

Vanquished Creatures (others)
  A polar bear (D)
  An iguana (D)
2 creatures vanquished.

Grand Total: 64 creatures vanquished

Notes
Turn   | Place    | Note
--------------------------------------------------------------
     0 | D        | Qew7 the Demonspawn Chaos Knight began the quest for the Orb.
     0 | D        | Reached XP level 1. HP: 18/18 MP: 1/1
    10 | D        | Reached skill level 1 in Dodging
    21 | D        | Noticed an ice beast
    21 | D        | Noticed a phantom
    31 | D        | Gained mutation: You are partially covered in rough black scales (AC +4, Dex -1). [demonic ancestry]
    31 | D        | Reached XP level 2. HP: 19/25 MP: 2/2
    36 | D        | XOM: silly message
    40 | D        | Killed an ice beast
    40 | D        | Reached skill level 5 in Polearms
    40 | D        | Reached XP level 3. HP: 8/35 MP: 3/3
    40 | D        | Gained mutation: A weak demonic guardian rushes to your aid. [demonic ancestry]
    40 | D        | Reached XP level 4. HP: 9/41 MP: 4/4
    47 | D        | XOM: potion effect (berserk rage)
    56 | D        | Found a glowing silver altar of Zin.
    56 | D        | Found a glowing golden altar of the Shining One.
    56 | D        | Found an ancient bone altar of Kikubaaqudgha.
    56 | D        | Found a basalt altar of Yredelemnul.
    56 | D        | Found a shimmering altar of Xom.
    56 | D        | Found a radiant altar of Vehumet.
    56 | D        | XOM: confusion
    68 | D        | Killed a phantom
    68 | D        | Reached skill level 1 in Stealth
    68 | D        | Gained mutation: When hurt, damage is shared between your health and your magic reserves. [demonic ancestry]
    68 | D        | Reached XP level 5. HP: 16/48 MP: 5/5
   250 | D        | Found an iron altar of Okawaru.
   251 | D        | Found a burning altar of Makhleb.
   252 | D        | Found a deep blue altar of Sif Muna.
   253 | D        | Found a bloodstained altar of Trog.
   254 | D        | Found a sparkling altar of Nemelex Xobeh.
   255 | D        | Found a white marble altar of Elyvilon.
   256 | D        | Found a roughly hewn altar of Beogh.
   257 | D        | Found a viscous altar of Jiyva.
   258 | D        | Found a corrupted altar of Lugonu.
   259 | D        | Found a blossoming altar of Fedhas.
   260 | D        | Found a snail-covered altar of Cheibriados.
   261 | D        | Found a shadowy altar of Dithmenos.
   262 | D        | Found a stormy altar of Qazlal.
   263 | D        | Found an opulent altar of Gozag.
   264 | D        | Found a sacrificial altar of Ru.
   265 | D        | Found an oddly glowing altar of Pakellas.
   316 | D        | Noticed a centaur
   316 | D        | Noticed an ice beast
   321 | D        | Killed a centaur
   321 | D        | Reached XP level 6. HP: 56/56 MP: 6/6
   334 | D        | Killed an ice beast
   334 | D        | Reached skill level 1 in Short Blades
   345 | D        | Noticed a slime creature
   345 | D        | Noticed a soldier ant
   345 | D        | Noticed a cyclops
   350 | D        | XOM: swap monsters
   358 | D        | XOM: enchant monster (good)
   361 | D        | Killed a soldier ant
   361 | D        | Gained mutation: You have sharp toenails. [demonic ancestry]
   361 | D        | Reached XP level 7. HP: 26/64 MP: 2/7
   368 | D        | Reached skill level 5 in Dodging
   370 | D        | Killed a slime creature
   370 | D        | Reached skill level 5 in Armour
   374 | D        | XOM: confuse monster(s)
   378 | D        | Killed a cyclops
   378 | D        | Reached skill level 10 in Fighting
   378 | D        | Reached skill level 5 in Stealth
   378 | D        | Reached XP level 8. HP: 48/73 MP: 1/8
   510 | D        | Noticed an eight-headed hydra
   510 | D        | Noticed a spiny frog
   515 | D        | XOM: smoke on damage
   516 | D        | XOM: summons friendly ufetubus
   526 | D        | Killed an eight-headed hydra
   526 | D        | Reached skill level 5 in Short Blades
   530 | D        | XOM: harmless Fire miscast
   549 | D        | Killed a spiny frog
   549 | D        | Gained mutation: You regenerate magic rapidly. [demonic ancestry]
   549 | D        | Reached XP level 9. HP: 21/81 MP: 1/9
   550 | D        | XOM: summons friendly iron imp
   568 | D        | Noticed a rime drake
   571 | D        | XOM: confuse monster(s)
   577 | D        | XOM: noise
   578 | D        | XOM: mild Chrm miscast
   584 | D        | XOM: enchant monster (bad)
   593 | D        | XOM: summons friendly iron imp
   605 | D        | Killed a rime drake
   749 | D        | Noticed a polar bear
   749 | D        | Noticed a spiny frog
   749 | D        | Noticed a komodo dragon
   750 | D        | Noticed a spiny frog
   754 | D        | Killed a polar bear
   754 | D        | XOM: divine lightning (protected)
   755 | D        | Noticed a komodo dragon
   757 | D        | XOM: blink monster(s)
   763 | D        | Killed a spiny frog
   765 | D        | Noticed a spiny frog
   770 | D        | XOM: blink monster(s)
   775 | D        | XOM: blink monster(s)
   783 | D        | Killed a spiny frog
   785 | D        | Killed a spiny frog
   786 | D        | Killed a komodo dragon
   786 | D        | Gained mutation: You are mostly covered in rough black scales (AC +7, Dex -2). [demonic ancestry]
   786 | D        | Reached XP level 10. HP: 19/90 MP: 6/10
   796 | D        | Reached skill level 10 in Short Blades
   796 | D        | Reached skill level 1 in Evocations
   801 | D        | XOM: mild Pois miscast
  1056 | D        | Noticed a lindwurm
  1056 | D        | Noticed a lindwurm
  1056 | D        | Noticed a lindwurm
  1056 | D        | XOM: divination: detect creatures
  1065 | D        | XOM: blink monster(s)
  1070 | D        | Killed a lindwurm
  1070 | D        | Reached skill level 10 in Armour
  1081 | D        | XOM: potion effect (invisibility)
  1083 | D        | XOM: silly message
  1084 | D        | XOM: harmless Ice miscast
  1085 | D        | XOM: noise
  1086 | D        | Killed a lindwurm
  1089 | D        | Killed a lindwurm
  1092 | D        | Noticed a lindwurm
  1092 | D        | XOM: divination: detect creatures
  1093 | D        | XOM: enchant monster (good)
  1121 | D        | XOM: summons 2 friendly demons
  1123 | D        | Killed a lindwurm
  1185 | D        | Noticed Gastronok
  1189 | D        | XOM: polymorph quasit -> iron imp
  1201 | D        | XOM: confuse monster(s)
  1207 | D        | Killed Gastronok
  1207 | D        | Gained mutation: When low on magic, you restore magic in place of health. [demonic ancestry]
  1207 | D        | Reached XP level 11. HP: 97/99 MP: 12/12
  1236 | D        | XOM: colour smoke trail
  1252 | D        | Noticed an orc knight
  1266 | D        | XOM: potion effect (might)
  1272 | D        | Killed an orc knight
  1285 | D        | XOM: fog
  1333 | D        | Noticed an orc knight
  1333 | D        | Noticed an orc knight
  1333 | D        | XOM: summons friendly ufetubus
  1339 | D        | Noticed an orc knight
  1341 | D        | XOM: blink monster(s)
  1361 | D        | XOM: polymorph ufetubus -> shadow imp
  1366 | D        | XOM: fake destruction
  1372 | D        | Killed an orc knight
  1377 | D        | Mangled by an orc warrior

Skill      XL: |  1  2  3  4  5  6  7  8  9 10 11 |
---------------+----------------------------------+-----
Polearms       | 3 5 6 7 8 9 |  9.5
Armour         | 2 3 4 5 7 9 11 | 11.8
Dodging        | 1 2 3 4 6 7 |  7.6
Fighting       | 6 7 8 9 10 11 12 13 | 13.9
Stealth        | 1 2 5 |  5.7
Short Blades   | 1 3 6 9 12 13 | 13.2
Evocations     | 2 |  2.5

Action                   |  1- 3 |  4- 6 |  7- 9 | 10-12 || total
-------------------------+-------+-------+-------+-------++-------
Melee: Spear             |    30 |    13 |       |       ||    43
       Pair of quick bla |       |    37 |    70 |   135 ||   242
       Kick              |       |       |    20 |    13 ||    33
Evoke: Wand              |       |       |     3 |     3 ||     6
  Use: Potion            |       |       |     7 |     2 ||     9
       Scroll            |       |       |     6 |       ||     6
 Stab: Confused          |     1 |       |     2 |     2 ||     5
       Paralysed         |       |     6 |       |       ||     6
       Invisible         |       |       |       |     7 ||     7
  Eat: Bread ration      |       |       |     1 |       ||     1
Armor: Leather armour    |     8 |     4 |       |       ||    12
       Plate armour      |       |    16 |    37 |    31 ||    84
Dodge: Dodged            |    10 |    12 |    16 |    14 ||    52
